[Event "Team 45 45 League T62"]
[Site "Internet Chess Club"]
[Date "2014.10.08"]
[Round "6"]
[White "SALJOMA"]
[Black "mongmong"]
[Result "1-0"]
[WhiteElo "1450"]
[BlackElo "1606"]
[Opening "French: Winawer, advance, positional main line"]
[ECO "C19"]
[Time "20:04:07"]
[TimeControl "2700+45"]

1. d4 e6 2. e4 d5 3. Nc3 Bb4 4. e5 c5 5. Nf3 Ne7 6. a3 Bxc3+ 7. bxc3 Qa5 8. Bd2
c4 9. Nh4 Bd7 10. f4 Ba4 11. g4 Nd7 12. f5 O-O-O 13. Bg2 g6 14. O-O Nc6 15. Qb1
Nxd4 16. fxe6 fxe6 17. Qb4 Qxb4 18. axb4 Ne2+ 19. Kf2 Bxc2 20. Kxe2 Bd3+ 21. Kf2
Rdf8+ 22. Kg1 Bxf1 23. Bxf1 Nxe5 24. Re1 Nxg4 25. Bh3 Nxh2 26. Bxe6+ Kb8 27.
Bxd5 Ng4 28. Re7 b6 29. Be1 Nf6 30. Bg3+ Kc8 31. Bc6 Nh5 32. Be5 Rhg8 33. Rxa7
Kd8 34. Bd6 {Black resigns} 1-0

[Event "Team 45 45 League T62"]
[Site "Internet Chess Club"]
[Date "2014.10.05"]
[Round "6"]
[White "CaptK"]
[Black "drsigmund1"]
[Result "1-0"]
[WhiteElo "1727"]
[BlackElo "1584"]
[Opening "QGD Slav"]
[ECO "A40"]
[Time "20:01:24"]
[TimeControl "2700+45"]

1. d4 e6 2. Nf3 d5 3. c4 c6 4. e3 Nf6 5. Nbd2 Be7 6. Bd3 Na6 7. a3 Nc7 8. O-O
O-O 9. e4 dxe4 10. Nxe4 Nxe4 11. Bxe4 Ne8 12. b3 Nf6 13. Bc2 Qc7 14. Bb2 Bd6 15.
Qd3 g6 16. d5 e5 17. Qc3 cxd5 18. Nxe5 Re8 19. Ng4 Bxg4 20. Qxf6 Be5 21. Bxe5
Rxe5 22. Qf4 Be6 23. Rae1 f6 24. Qxf6 Rxe1 25. Rxe1 Bf7 26. Re7 Qxe7 {Black
resigns} 1-0

[Event "Team 45 45 League T62"]
[Site "Internet Chess Club"]
[Date "2014.10.06"]
[Round "6"]
[White "JOFRAN"]
[Black "GideonL"]
[Result "0-1"]
[WhiteElo "1435"]
[BlackElo "1494"]
[Opening "Ruy Lopez: Archangelsk (counterthrust) variation"]
[ECO "C70"]
[Time "10:07:29"]
[TimeControl "2700+45"]

1. e4 e5 2. Nf3 Nc6 3. Bb5 a6 4. Ba4 b5 5. Bb3 Bb7 6. O-O Nf6 7. Re1 Bc5 8. c3
O-O 9. d4 exd4 10. cxd4 Bb4 11. Bd2 Bxd2 12. Qxd2 Ne7 13. Nc3 Rc8 14. e5 Nfd5
15. Rac1 Nb6 16. Ne4 Bd5 17. Bxd5 Nbxd5 18. Nc5 Ra8 19. b4 c6 20. Ng5 h6 21.
Nge4 a5 22. bxa5 Qxa5 23. Qxa5 Rxa5 24. Nxd7 Rd8 25. Ndc5 Rxa2 26. Rb1 Nf4 27.
g3 Ne2+ 28. Kg2 Rxd4 29. Nb3 Rxe4 30. Kf1 Rxe5 31. Nc1 Nxg3+ 32. hxg3 Rxe1+ 33.
Kxe1 Rc2 34. Nb3 c5 35. Nd2 b4 36. Kd1 Rc3 37. Rc1 Rxc1+ 38. Kxc1 f5 39. Nb3 c4
40. Na5 c3 41. Kc2 Nd5 42. Nc6 Kf7 43. Ne5+ Ke6 44. Nc6 g5 45. Nd4+ Ke5 46. Nc6+
Ke4 47. Nd4 Kxd4 {White resigns} 0-1

[Event "Team 45 45 League T62"]
[Site "Internet Chess Club"]
[Date "2014.10.02"]
[Round "6"]
[White "fuzzface"]
[Black "smsxman"]
[Result "0-1"]
[WhiteElo "1341"]
[BlackElo "1474"]
[Opening "QGD: 3...Nf6"]
[ECO "D35"]
[Time "10:30:25"]
[TimeControl "2700+45"]

1. d4 d5 2. c4 Nf6 3. Nc3 e6 4. e3 Nc6 5. a3 a6 6. Nf3 Bd7 7. Be2 Be7 8. O-O O-O
9. c5 b6 10. b4 b5 11. Bb2 Na7 12. Ne5 c6 13. a4 h6 14. Nxd7 Qxd7 15. axb5 Nxb5
16. Nxb5 axb5 17. Bd3 Qc7 18. Qe2 h5 19. f3 g6 20. e4 Rae8 21. e5 Nh7 22. Bc1
Ra8 23. Rxa8 Rxa8 24. Qc2 Ra4 25. Bh6 Bf8 26. Bxf8 Nxf8 27. Qd2 Kg7 28. Rb1 Qa7
29. Rb2 Ra1+ 30. Rb1 Rxb1+ 31. Bxb1 Qa1 32. Qd3 Qa4 33. Qd2 Qa1 34. Qd1 Qc3 35.
g4 hxg4 36. fxg4 Qxb4 37. Qf1 Nh7 38. Qd3 Qe1+ 39. Kg2 Ng5 40. Bc2 Ne4 41. Qf3
Qd2+ {White resigns} 0-1

[Event "Team 45 45 League T62"]
[Site "Internet Chess Club"]
[Date "2014.10.06"]
[Round "6"]
[White "ethan0627"]
[Black "Invicta-Knight"]
[Result "0-1"]
[WhiteElo "1384"]
[BlackElo "1500"]
[Opening "Scandinavian: Pytel-Wade variation"]
[ECO "B01"]
[Time "16:01:00"]
[TimeControl "2700+45"]

1. e4 d5 2. exd5 Qxd5 3. Nc3 Qd6 4. Nf3 e5 5. d4 Nc6 6. Nb5 Qe7 7. Be2 e4 8. Nd2
f5 9. Nb3 Be6 10. d5 O-O-O 11. c4 Ne5 12. Qc2 Bd7 13. Nxa7+ Kb8 14. Be3 f4 15.
Bd4 f3 16. gxf3 exf3 17. Bc5 Qg5 18. Be3 Qg2 19. O-O-O fxe2 20. Qxe2 Bg4 21. Qf1
Qxf1 22. Rdxf1 Nxc4 23. Rhg1 Nxe3 24. fxe3 Kxa7 25. Rxg4 Nf6 26. Ra4+ Kb8 27.
Rd1 Bd6 28. h3 Rhe8 29. Rd3 Re4 30. Rad4 Rxd4 31. Nxd4 Be5 32. Ne6 Rxd5 33. Rb3
Nd7 34. Kc2 Nc5 35. Nxc5 Rxc5+ 36. Kd3 c6 37. e4 Kc7 38. Rb4 b5 39. h4 Rc1 40.
Ke3 Rh1 41. Ke2 Rxh4 {White forfeits on time} 0-1

[Event "Team 45 45 League T62"]
[Site "Internet Chess Club"]
[Date "2014.10.12"]
[Round "6"]
[White "Jet1234"]
[Black "Danny-ONeil"]
[Result "1-0"]
[WhiteElo "1383"]
[BlackElo "1369"]
[Opening "French: exchange variation"]
[ECO "C01"]
[Time "09:24:24"]
[TimeControl "2700+45"]

1. e4 e6 2. d4 d5 3. exd5 exd5 4. Bd3 Nc6 5. Nf3 Bg4 6. c3 Nf6 7. h3 Bxf3 8.
Qxf3 Bd6 9. Bg5 Be7 10. O-O Qd6 11. Re1 O-O-O 12. Nd2 h6 13. Bh4 Kb8 14. Bg3 Qd7
15. Bf5 Qe8 16. Qf4 Rc8 {Black resigns} 1-0

[Event "Team 45 45 League T62"]
[Site "Internet Chess Club"]
[Date "2014.10.02"]
[Round "6"]
[White "PsyMar"]
[Black "Bizzy-Ketty"]
[Result "0-1"]
[WhiteElo "1328"]
[BlackElo "1543"]
[Opening "Sicilian defense"]
[ECO "B33"]
[Time "16:30:26"]
[TimeControl "2700+45"]

1. e4 c5 2. Nf3 Nc6 3. d4 cxd4 4. Nxd4 Nf6 5. Nc3 e6 6. Be2 Bb4 7. Nxc6 bxc6 8.
Bg5 O-O 9. e5 h6 10. Bh4 g5 11. Bg3 Nd5 12. O-O Nxc3 13. bxc3 Bxc3 14. Rb1 Qc7
15. Re1 Bxe1 16. Qxe1 Bb7 17. f4 Kg7 18. Bh5 Rg8 19. fxg5 hxg5 20. Qe3 Kf8 21.
Qf3 Rg7 22. Rf1 d5 23. exd6 Qd7 24. Be5 Rh7 25. Bg6 f5 26. Bxh7 Qxh7 27. Rd1 Rd8
28. Qa3 Rd7 29. Qxa7 Kf7 30. a4 Kg6 31. Rd3 Qg8 32. Rb3 Qc8 33. a5 c5 34. Rb5
Ba6 35. Rxc5 Rxa7 36. Rxc8 Bxc8 {White resigns} 0-1

[Event "Team 45 45 League T62"]
[Site "Internet Chess Club"]
[Date "2014.10.05"]
[Round "6"]
[White "seattleblues"]
[Black "KingOfClubs"]
[Result "1-0"]
[WhiteElo "1410"]
[BlackElo "1358"]
[Opening "Queen's pawn game"]
[ECO "D02"]
[Time "20:16:17"]
[TimeControl "2700+45"]

1. d4 d5 2. Nf3 e6 3. c4 c6 4. Nc3 Bb4 5. Qc2 Nf6 6. a3 Ba5 7. b4 Bc7 8. Bg5
Nbd7 9. e3 h6 10. Bh4 Qe7 11. Bd3 a6 12. O-O e5 13. e4 O-O 14. cxd5 g5 15. Bg3
cxd5 16. exd5 e4 17. Bxc7 exd3 18. Qxd3 Nc5 19. dxc5 Qxc7 20. d6 Qc6 21. Qd4 Nd7
22. Rfe1 b5 23. Nd5 Qb7 24. Ne7+ Kh7 25. c6 Qb6 26. Qe4+ f5 27. Nxf5 Ne5 28.
Ne7+ Bf5 29. Qxe5 Rae8 30. d7 Bxd7 31. cxd7 Rd8 32. Rad1 Qf6 33. Qxf6 Rxf6 34.
Rd5 Rf7 35. Nd4 {Black resigns} 1-0

[Event "Team 45 45 League T62"]
[Site "Internet Chess Club"]
[Date "2014.10.04"]
[Round "6"]
[White "arconia"]
[Black "dabodhi"]
[Result "0-1"]
[WhiteElo "1296"]
[BlackElo "1363"]
[Opening "Scandinavian (center counter) defense"]
[ECO "B01"]
[Time "15:05:56"]
[TimeControl "2700+45"]

1. e4 d5 2. e5 c5 3. Nf3 Bg4 4. c3 e6 5. Be2 Bf5 6. O-O Nc6 7. d4 Qc7 8. Na3 a6
9. Nh4 Nge7 10. Nc2 Bxc2 11. Qxc2 Rc8 12. Qd1 Qb6 13. Rb1 cxd4 14. cxd4 Qxd4 15.
Qxd4 Nxd4 16. Bd3 Nec6 17. Be3 Bc5 18. Bd2 Nxe5 19. Bc3 Nxd3 {White resigns} 0-1

[Event "Team 45 45 League T62"]
[Site "Internet Chess Club"]
[Date "2014.10.05"]
[Round "6"]
[White "Just-Jim"]
[Black "stantheman59"]
[Result "1-0"]
[WhiteElo "1395"]
[BlackElo "1169"]
[Opening "Giuoco Pianissimo"]
[ECO "C50"]
[Time "18:00:43"]
[TimeControl "2700+45"]

1. e4 e5 2. Nf3 Nc6 3. Bc4 Bc5 4. d3 Nge7 5. Ng5 d5 6. exd5 Nxd5 7. Qf3 Be6 8.
Nc3 Nd4 9. Qd1 c6 10. O-O Nc7 11. Re1 Qf6 12. Nce4 Qe7 13. c3 Nf5 14. Nf3 O-O-O
15. Bxe6+ Nxe6 16. Nxc5 Nxc5 17. Rxe5 Rxd3 18. Qe2 Qd7 19. Bf4 Rd5 20. g3 Rxe5
21. Qxe5 b6 22. Qb8# {Black checkmated} 1-0

[Event "Team 45 45 League T62"]
[Site "Internet Chess Club"]
[Date "2014.10.06"]
[Round "6"]
[White "chips"]
[Black "jjaco"]
[Result "1-0"]
[WhiteElo "1152"]
[BlackElo "997"]
[Opening "Réti opening"]
[ECO "A04"]
[Time "22:09:40"]
[TimeControl "2700+45"]

1. Nf3 g6 2. g3 Bg7 3. Bg2 Nf6 4. O-O O-O 5. d4 d6 6. e3 c6 7. Nbd2 Re8 8. b3 e5
9. dxe5 dxe5 10. e4 Nbd7 11. Bb2 b5 12. c4 Ba6 13. cxb5 cxb5 14. b4 Bb7 15. Nh4
Rc8 16. Rc1 a5 17. Rxc8 Bxc8 18. bxa5 Qxa5 19. a3 Ba6 20. Nb3 Qb6 21. Re1 b4 22.
Nf3 Bb7 23. Nh4 Bc6 24. Qc2 Bh6 25. axb4 Qxb4 26. Qc3 Qxc3 27. Bxc3 Rb8 28. Na5
Ba4 29. Nf3 Rc8 30. Ba1 Bc2 31. Nxe5 Kg7 32. Nxd7 Bg5 33. h4 Bd2 34. Bxf6+ Kg8
35. Ra1 Rc3 36. Bxc3 {Black resigns} 1-0

[Event "Team 45 45 League T62"]
[Site "Internet Chess Club"]
[Date "2014.10.03"]
[Round "6"]
[White "smsxman"]
[Black "Aquaman"]
[Result "1-0"]
[WhiteElo "1486"]
[BlackElo "1372"]
[Opening "Caro-Kann defense"]
[ECO "B10"]
[Time "14:01:18"]
[TimeControl "2700+45"]

1. e4 c6 2. Nf3 d6 3. Nc3 Qc7 4. d4 Nd7 5. Bc4 Ngf6 6. O-O e6 7. Bf4 Be7 8. e5
dxe5 9. Nxe5 Bd6 10. Bg3 O-O 11. Re1 Nd5 12. Bxd5 cxd5 13. Nb5 Qb8 14. Nxd7 Bxd7
15. Bxd6 Qd8 16. Bxf8 Bxb5 17. Ba3 Rc8 18. c3 Qe8 19. Bb4 b6 20. a4 Bd7 21. a5
b5 22. Bc5 a6 23. Qf3 Qd8 24. b4 Kh8 25. Qg3 Qg8 26. Re5 f6 27. Rh5 Be8 28. Rh3
Bg6 29. Qe3 Re8 30. Re1 e5 31. Qg3 e4 32. Qxg6 {Black resigns} 1-0

[Event "Team 45 45 League T62"]
[Site "Internet Chess Club"]
[Date "2014.10.05"]
[Round "6"]
[White "semperfi"]
[Black "Fogbound"]
[Result "1-0"]
[WhiteElo "1393"]
[BlackElo "1215"]
[Opening "Queen's pawn game"]
[ECO "D00"]
[Time "13:01:01"]
[TimeControl "2700+45"]

1. d4 d5 2. e3 Nf6 3. Bd3 e6 4. Nf3 Nbd7 5. b3 Be7 6. Nbd2 c5 7. c3 b6 8. Bb2
Bb7 9. O-O Qc7 10. Qe2 Ne4 11. c4 O-O 12. Rac1 f5 13. cxd5 exd5 14. g3 Rf6 15.
Nh4 Rh6 16. Nxf5 Rg6 17. Nxe7+ Kh8 18. Nxg6+ hxg6 19. Nxe4 dxe4 20. Bc4 Nf6 21.
dxc5 Nh7 22. cxb6 Qd7 23. Rfd1 Qh3 24. Qf1 Ng5 25. Qxh3+ Nxh3+ 26. Kg2 Ng5 27.
Rd7 Bc6 28. Bxg7+ Kh7 29. Bf6+ Kh6 30. Bxg5+ Kxg5 31. Rxa7 Rb8 32. h4+ Kh6 33.
Be2 Rxb6 34. Rc7 Bb5 35. Bxb5 Rxb5 36. R1c5 Rb6 37. Rc8 Kg7 38. R5c7+ Kf6 39.
Rc6+ Rxc6 40. Rxc6+ Ke5 {Black resigns} 1-0

[Event "Team 45 45 League T62"]
[Site "Internet Chess Club"]
[Date "2014.10.07"]
[Round "6"]
[White "Andaluz"]
[Black "artspir"]
[Result "1-0"]
[WhiteElo "1285"]
[BlackElo "1181"]
[Opening "Caro-Kann: anti-anti-Caro-Kann defense"]
[ECO "B10"]
[Time "14:00:53"]
[TimeControl "2700+45"]

1. e4 c6 2. c4 d5 3. cxd5 cxd5 4. Be2 dxe4 5. Qa4+ Bd7 6. Qxe4 Bc6 7. Qg4 Nf6 8.
Qg3 Nbd7 9. d4 e6 10. Nc3 Qb6 11. Qd3 Bd6 12. Nf3 O-O 13. O-O Rad8 14. Nb5 Nc5
15. dxc5 Bxc5 16. Qc4 a6 17. Nc3 Bb5 18. Nxb5 axb5 19. Qb3 b4 20. Bg5 Ra8 21.
Bxf6 gxf6 22. Rad1 Qc7 23. Rd3 e5 24. Rdd1 e4 25. Nh4 Rae8 26. Nf5 Kh8 27. Bb5
Re5 28. Rd5 Rxd5 29. Qxd5 Qf4 30. Qxc5 Rg8 31. Ne3 Rg5 32. Qf8+ Rg8 33. Qxf7 Qg5
34. g3 Qxb5 35. Qxf6+ Rg7 36. Rd1 h5 37. Rd8+ Kh7 38. Qf5+ Qxf5 39. Nxf5 Rf7 40.
Ne3 h4 41. Kg2 h3+ 42. Kf1 b5 43. Rd4 Ra7 44. Rxb4 Rxa2 45. Rxb5 Ra1+ 46. Ke2
Rh1 47. Nf1 Rg1 48. Re5 Kg6 49. b4 Kf6 50. Rxe4 Kf5 51. Re3 Kg4 52. b5 {Black
resigns} 1-0

[Event "Team 45 45 League T62"]
[Site "Internet Chess Club"]
[Date "2014.10.05"]
[Round "6"]
[White "RobertBuice"]
[Black "oldbookseller"]
[Result "1-0"]
[WhiteElo "1112"]
[BlackElo "1133"]
[Opening "QGD"]
[ECO "D51"]
[Time "18:00:43"]
[TimeControl "2700+45"]

1. d4 d5 2. c4 e6 3. Nc3 Nf6 4. Bg5 Nbd7 5. e3 Be7 6. Nf3 Bd6 7. cxd5 e5 8. e4
O-O 9. dxe5 Nxe5 10. Nxe5 Bxe5 11. Bxf6 Bxf6 12. Bc4 Qd6 13. O-O Qe5 14. Qf3 Qd6
15. Rad1 Bd8 16. Qg3 Qc5 17. Be2 Bd7 18. Bg4 Bb5 19. Nxb5 Qxb5 20. b3 Be7 21.
Qxc7 Bb4 22. d6 Qe5 23. Qxb7 Bxd6 24. g3 Rad8 25. Rfe1 Qg5 26. e5 Bxe5 27. Rd7
Qxg4 28. Rxe5 Rxd7 29. Qc6 Rd1+ 30. Kg2 h5 31. h3 Qd4 32. Rxh5 Rd8 33. Qc7 Rd2
34. Qf4 Rxf2+ 35. Qxf2 Qe4+ 36. Kh2 Rd1 37. Qg2 Qe1 38. Qa8+ Rd8 39. Qxd8+
{Black resigns} 1-0

[Event "Team 45 45 League T62"]
[Site "Internet Chess Club"]
[Date "2014.10.05"]
[Round "6"]
[White "fuzzface"]
[Black "mindstorm"]
[Result "0-1"]
[WhiteElo "1329"]
[BlackElo "1450"]
[Opening "Nimzo-Indian defense"]
[ECO "E20"]
[Time "09:00:28"]
[TimeControl "2700+45"]

1. d4 Nf6 2. c4 e6 3. Nc3 Bb4 4. Bd2 O-O 5. Nf3 b6 6. a3 Bxc3 7. Bxc3 Bb7 8. d5
exd5 9. Bxf6 Qxf6 10. Rc1 dxc4 11. Rxc4 c5 12. b4 cxb4 13. axb4 b5 14. Rc1 a6
15. e3 Rd8 16. Be2 Nc6 17. Qd2 Ne5 18. Nxe5 Qxe5 19. O-O d5 20. Bf3 Rab8 21. Rc5
Rbc8 22. Rfc1 Rxc5 23. bxc5 Qc7 24. Qc2 Bc6 25. Qb3 d4 26. Bxc6 Qxc6 27. Qd3 b4
28. exd4 a5 29. Qd2 Kf8 30. Ra1 Qb5 31. Rc1 b3 32. Qb2 a4 33. c6 Rc8 34. c7 Qb4
35. h3 a3 36. Qb1 b2 37. Re1 a2 38. Qxh7 Qxe1+ 39. Kh2 Rxc7 40. Qh8+ Ke7 41.
Qd8+ Kxd8 {White resigns} 0-1

[Event "Team 45 45 League T62"]
[Site "Internet Chess Club"]
[Date "2014.10.04"]
[Round "6"]
[White "MasterD"]
[Black "Rococo"]
[Result "1-0"]
[WhiteElo "1426"]
[BlackElo "1294"]
[Opening "Pirc: classical (two knights) system"]
[ECO "B08"]
[Time "11:02:05"]
[TimeControl "2700+45"]

1. e4 d6 2. d4 Nf6 3. Nc3 g6 4. Nf3 Bg7 5. Bc4 O-O 6. O-O Nc6 7. Bf4 Bg4 8. h3
Bxf3 9. gxf3 Qd7 10. Kh2 Nh5 11. Be3 e5 12. Ne2 Kh8 13. a3 f5 14. Qd3 f4 15. Bd2
exd4 16. Rg1 Be5 17. Rg4 Qg7 18. Rag1 Qh6 19. Bd5 Nf6 20. R4g2 Ne7 21. Bxb7 Rab8
22. Ba6 Rxb2 23. Nxd4 Bxd4 24. Qxd4 Nc6 {Black resigns} 1-0

[Event "Team 45 45 League T62"]
[Site "Internet Chess Club"]
[Date "2014.10.05"]
[Round "6"]
[White "jaybird44"]
[Black "ILoveChess108"]
[Result "1-0"]
[WhiteElo "1216"]
[BlackElo "1297"]
[Opening "QGD Slav defense"]
[ECO "D10"]
[Time "16:01:03"]
[TimeControl "2700+45"]

1. d4 d5 2. c4 c6 3. e3 Bf5 4. Nc3 e6 5. Nf3 Nf6 6. Nh4 Bg6 7. Nxg6 hxg6 8. Qc2
Bd6 9. h3 Nbd7 10. Bd2 Qc7 11. Bd3 O-O-O 12. O-O-O Kb8 13. e4 Nb6 14. e5 dxc4
15. exd6 Qxd6 16. Be2 Qxd4 17. Be3 Qe5 18. g3 Nfd5 19. Nxd5 Nxd5 20. Bxc4 Nxe3
21. Rxd8+ Rxd8 22. fxe3 Qxe3+ 23. Kb1 Qf3 24. Rg1 Rh8 25. Be2 Qf5 26. h4 Qxc2+
27. Kxc2 e5 28. Bd3 f5 29. Rf1 e4 30. Bc4 b5 31. Bf7 Rh6 32. Rd1 f4 33. gxf4
Rxh4 34. Rd8+ Kc7 35. Rg8 Rxf4 36. Bxg6 e3 37. Rxg7+ Kb6 38. Re7 Rf2+ 39. Kd3 e2
40. Rxe2 Rf3+ 41. Ke4 Rg3 42. Bf5 Rg8 43. Kd4 Rd8+ 44. Kc3 Rd5 45. Bd3 Rc5+ 46.
Kb4 a5+ 47. Ka3 Rd5 48. Bg6 Rd4 49. b3 b4+ 50. Kb2 c5 51. Re6+ Kb5 52. Be8+ Rd7
53. Bxd7# {Black checkmated} 1-0

[Event "Team 45 45 League T62"]
[Site "Internet Chess Club"]
[Date "2014.10.06"]
[Round "6"]
[White "srikrish"]
[Black "wildangels"]
[Result "1-0"]
[WhiteElo "1240"]
[BlackElo "1022"]
[Opening "Sicilian: closed"]
[ECO "B23"]
[Time "19:00:22"]
[TimeControl "2700+45"]

1. e4 c5 2. Nc3 e6 3. Nf3 Nc6 4. Bb5 a6 5. Ba4 Be7 6. O-O b5 7. Bb3 Nf6 8. e5
Ng4 9. Re1 O-O 10. d3 Bb7 11. Bf4 f6 12. exf6 Bxf6 13. Ne4 Bxb2 14. Nxc5 Bxa1
15. Nxb7 Qe7 16. Bd6 Qf6 17. Bxf8 Qxf8 18. Qxa1 Nb4 19. Qd4 Qe7 20. Qxg4 d5 21.
a3 Nc6 22. Ng5 Qxb7 23. Qxe6+ Kh8 24. Qe8+ Rxe8 25. Rxe8# {Black checkmated} 1-0

[Event "Team 45 45 League T62"]
[Site "Internet Chess Club"]
[Date "2014.10.06"]
[Round "6"]
[White "Signalman"]
[Black "Bryant-L"]
[Result "1/2-1/2"]
[WhiteElo "1760"]
[BlackElo "1691"]
[Opening "Modern defense"]
[ECO "A40"]
[Time "13:47:04"]
[TimeControl "2700+45"]

1. d4 g6 2. Nf3 Bg7 3. g3 d6 4. Bg2 Nc6 5. O-O e5 6. d5 Nce7 7. c4 f5 8. Nc3 Nf6
9. b3 O-O 10. Ng5 h6 11. Ne6 Bxe6 12. dxe6 c6 13. e4 Ne8 14. Qd3 Qc8 15. exf5
gxf5 16. Ba3 e4 17. Qd2 Qxe6 18. Rad1 Rd8 19. Ne2 Ng6 20. Bc5 b6 21. Be3 Kh7 22.
Bh3 c5 23. f3 Nc7 24. fxe4 Qxe4 25. Nf4 Rde8 26. Nxg6 Rf6 27. Rf4 Qxe3+ 28. Qxe3
Rxe3 29. Nh4 Re2 30. Bxf5+ Kg8 31. Rf2 {Game drawn by mutual agreement} 1/2-1/2

[Event "Team 45 45 League T62"]
[Site "Internet Chess Club"]
[Date "2014.10.05"]
[Round "6"]
[White "mattp108"]
[Black "ticopatzer"]
[Result "1-0"]
[WhiteElo "1699"]
[BlackElo "1688"]
[Opening "Réti: King's Indian attack"]
[ECO "A08"]
[Time "18:01:25"]
[TimeControl "2700+45"]

1. Nf3 d5 2. g3 c5 3. Bg2 Bf5 4. O-O Nf6 5. d3 Nc6 6. c3 e6 7. Bg5 Be7 8. Nbd2
O-O 9. Re1 b5 10. e4 dxe4 11. Nxe4 Nxe4 12. dxe4 Bg4 13. Qxd8 Rfxd8 14. Bxe7
Nxe7 15. h3 Bxf3 16. Bxf3 Rd2 17. Re2 Rad8 18. Rxd2 Rxd2 19. Rd1 Rxd1+ 20. Bxd1
Nc6 21. f4 h6 22. e5 g5 23. Be2 b4 24. cxb4 cxb4 25. Bb5 Nd4 26. Bc4 Kf8 27. Kf2
Ke7 28. Ke3 Nf5+ 29. Kf3 f6 30. Bd3 Nd4+ 31. Ke4 Nf5 32. exf6+ Kxf6 33. fxg5+
hxg5 34. Kf3 e5 35. Bxf5 Kxf5 36. h4 g4+ 37. Ke3 a5 38. h5 Kg5 39. Ke4 Kxh5 40.
Kxe5 Kg5 41. b3 Kg6 42. Kf4 Kh5 43. Kf5 Kh6 44. Kxg4 Kg6 45. Kf4 Kf6 46. Ke4 Kg5
47. Kd4 Kg4 48. Kc4 Kxg3 49. Kb5 Kf4 50. Kxa5 Ke5 51. Kxb4 Kd6 52. Kb5 Kc7 53.
b4 Kb7 54. a4 Ka7 55. Kc5 Ka6 56. b5+ Kb7 57. a5 Ka7 58. Kc6 Ka8 59. b6 Kb8 60.
a6 Ka8 61. b7+ Kb8 62. a7+ Kxa7 63. Kc7 Ka6 64. b8=Q Ka5 65. Kc6 Ka4 66. Kc5 Ka3
67. Kc4 Ka2 68. Kc3 Ka1 69. Qb2# {Black checkmated} 1-0

[Event "Team 45 45 League T62"]
[Site "Internet Chess Club"]
[Date "2014.10.04"]
[Round "6"]
[White "rayonline53"]
[Black "pokerram"]
[Result "1-0"]
[WhiteElo "1534"]
[BlackElo "1667"]
[Opening "Sicilian: Grand Prix attack, Schofman variation"]
[ECO "B23"]
[Time "17:00:37"]
[TimeControl "2700+45"]

1. e4 c5 2. Nc3 Nc6 3. f4 g6 4. Nf3 Bg7 5. Bc4 e6 6. f5 Nd4 7. O-O d6 8. fxe6
fxe6 9. Ne2 Nxf3+ 10. Rxf3 Nf6 11. d3 O-O 12. c3 Ng4 13. Bb3 Rxf3 14. gxf3 Ne5
15. Ng3 Qf6 16. Kg2 Bd7 17. f4 Nc6 18. Be3 Na5 19. Bc2 Nc6 20. Qe2 Qh4 21. Rf1
Rf8 22. Bb3 Na5 23. Bc2 Nc6 24. Bb3 Na5 25. Bc2 a6 26. Rf2 Nc6 27. Bd1 b6 28.
Qg4 Qxg4 29. Bxg4 h5 30. Bd1 d5 31. Bf3 d4 32. Bd2 Ne7 33. c4 Bh6 34. Bd1 Bc6
35. Kf1 h4 36. Nh1 Kh7 37. Kg1 e5 38. f5 gxf5 39. Bxh6 Kxh6 40. exf5 Rxf5 41.
Rxf5 Nxf5 42. Nf2 Ne3 43. Ng4+ Kg5 44. Nxe5 Nxd1 45. Nxc6 Nxb2 46. Ne5 b5 47.
cxb5 axb5 48. Kf2 c4 49. dxc4 bxc4 50. Nf3+ Kf4 51. Nxd4 c3 52. Ne2+ Kg4 53.
Nxc3 Kh3 54. Kg1 Kg4 55. a4 Nc4 56. Nd5 Na5 57. Kg2 h3+ 58. Kf2 Nb3 59. Ke3 Na5
60. Ke4 Nb3 61. Ne3+ Kg5 62. Kf3 Nd4+ 63. Kg3 Ne2+ 64. Kxh3 {Black resigns} 1-0

[Event "Team 45 45 League T62"]
[Site "Internet Chess Club"]
[Date "2014.10.07"]
[Round "6"]
[White "idjit"]
[Black "evan7284"]
[Result "1-0"]
[WhiteElo "1577"]
[BlackElo "1581"]
[Opening "Petrov: classical attack, Marshall variation"]
[ECO "C42"]
[Time "15:00:51"]
[TimeControl "2700+45"]

1. e4 e5 2. Nf3 Nf6 3. Nxe5 d6 4. Nf3 Nxe4 5. d4 d5 6. Bd3 Bd6 7. O-O O-O 8. c4
c6 9. Qc2 f5 10. Nc3 Be6 11. Qb3 Nxc3 12. bxc3 Qc7 13. c5 Be7 14. Re1 Rf6 15.
Bg5 Rg6 16. Bxe7 Qxe7 17. Bxf5 Rf6 18. Bxe6+ Rxe6 {Black resigns} 1-0

[Event "Team 45 45 League T62"]
[Site "Internet Chess Club"]
[Date "2014.10.02"]
[Round "6"]
[White "fireball"]
[Black "GregoryViking"]
[Result "0-1"]
[WhiteElo "1637"]
[BlackElo "1550"]
[Opening "King's knight's gambit"]
[ECO "C34"]
[Time "14:06:36"]
[TimeControl "2700+45"]

1. e4 e5 2. f4 exf4 3. Nf3 Nc6 4. Bc4 Bc5 5. d4 Bb6 6. Bxf4 Nge7 7. O-O O-O 8.
c3 d5 9. exd5 Nxd5 10. Bg5 f6 11. Bd2 Bg4 12. a4 Kh8 13. b4 Nxd4 14. Kh1 Nxf3
15. gxf3 Bh3 16. Bxd5 Qxd5 17. a5 Bxf1 18. Qxf1 Rad8 19. axb6 axb6 20. Kg2 Rfe8
21. c4 Qf5 22. Ra2 h5 23. Nc3 Rxd2+ 24. Rxd2 Qg5+ 25. Kh3 Qxd2 26. Ne4 Qxb4 27.
Qf2 Qxc4 28. Qh4 Rxe4 29. Qxh5+ Kg8 30. fxe4 Qd3+ 31. Kg2 Qxe4+ 32. Kg1 c5 33.
Qh3 Qe1+ 34. Kg2 Qe8 35. Qb3+ Kf8 36. Qxb6 Qc6+ 37. Qxc6 bxc6 38. Kf2 Ke7 39.
Ke3 Kd6 40. Ke4 Ke6 41. h4 g6 42. Kf4 g5+ 43. hxg5 fxg5+ 44. Kxg5 Ke5 45. Kg4
Ke4 46. Kg3 Ke3 47. Kg2 c4 48. Kf1 Kd2 49. Kf2 c3 {White resigns} 0-1

[Event "Team 45 45 League T62"]
[Site "Internet Chess Club"]
[Date "2014.10.05"]
[Round "6"]
[White "Schachteufel"]
[Black "Skeptic1972"]
[Result "1-0"]
[WhiteElo "1612"]
[BlackElo "1541"]
[Opening "French: Tarrasch, open variation"]
[ECO "C07"]
[Time "14:34:35"]
[TimeControl "2700+45"]

1. e4 e6 2. d4 d5 3. Nd2 c5 4. exd5 Qxd5 5. Ngf3 Nc6 6. Bc4 Qd8 7. Nb3 cxd4 8.
Nbxd4 Nxd4 9. Nxd4 a6 10. O-O Nf6 11. Bf4 Be7 12. c3 O-O 13. Qf3 Nd5 14. Bg3 Re8
15. Rad1 b5 16. Nc6 Qb6 17. Nxe7+ Rxe7 18. Bxd5 exd5 19. Qxd5 Bb7 20. Qd6 Qxd6
21. Rxd6 Re2 22. Rfd1 Rae8 23. Rd8 Rf8 24. R8d2 Rxd2 25. Rxd2 g6 26. Rd7 Re8 27.
Kf1 Be4 28. f3 Bf5 29. Ra7 Bd3+ 30. Kg1 Re2 31. Rxa6 Rxb2 32. Be5 Rb1+ 33. Kf2
h5 34. Ra8+ Kh7 35. Rh8# {Black checkmated} 1-0

[Event "Team 45 45 League T62"]
[Site "Internet Chess Club"]
[Date "2014.10.02"]
[Round "6"]
[White "Insan996"]
[Black "krysto"]
[Result "1-0"]
[WhiteElo "1546"]
[BlackElo "1561"]
[Opening "Queen's pawn: Torre attack"]
[ECO "A46"]
[Time "19:06:49"]
[TimeControl "2700+45"]

1. d4 Nf6 2. Nf3 e6 3. Bg5 d5 4. Nbd2 Be7 5. c3 O-O 6. e3 c5 7. Bd3 h6 8. Bh4
cxd4 9. exd4 Nc6 10. O-O a6 11. a4 Bd7 12. Re1 Rb8 13. Bg3 Ra8 14. h3 Ne8 15.
Bb1 Bd6 16. Qc2 g6 17. Ne5 Nxe5 18. Bxe5 b5 19. a5 Rc8 20. Nf3 b4 21. h4 f5 22.
Qd2 Kh7 23. Bd3 bxc3 24. bxc3 Ra8 25. c4 dxc4 26. Bxc4 Bxe5 27. dxe5 Ng7 28.
Red1 Bb5 29. Bxb5 Qxd2 30. Rxd2 axb5 31. Rd7 Kg8 32. Nd4 b4 33. Rb7 Rfb8 34.
Rxb8+ Rxb8 35. Nc6 Ra8 36. Nxb4 Ne8 37. a6 Nc7 38. Kf1 f4 39. Ke2 Kf7 40. Kf3 g5
41. hxg5 hxg5 42. a7 Nb5 43. Nc6 Kg6 44. Kg4 Kh6 45. Nd8 Nc7 46. Nf7+ Kg6 47.
Nxg5 {Black resigns} 1-0

[Event "Team 45 45 League T62"]
[Site "Internet Chess Club"]
[Date "2014.10.03"]
[Round "6"]
[White "Longonjo"]
[Black "Chess-Boy"]
[Result "1-0"]
[WhiteElo "1535"]
[BlackElo "1633"]
[Opening "Ruy Lopez: Wormald (Alapin) attack"]
[ECO "C77"]
[Time "06:00:11"]
[TimeControl "2700+45"]

1. e4 e5 2. Nf3 Nc6 3. Bb5 a6 4. Ba4 Nf6 5. Qe2 b5 6. Bb3 Bc5 7. d3 d6 8. c3 Bg4
9. Bg5 O-O 10. Bd5 Qd7 11. Bxf6 gxf6 12. Nbd2 Rad8 13. Bxc6 Qxc6 14. O-O Kh8 15.
d4 exd4 16. cxd4 Bxd4 17. Nxd4 Bxe2 18. Nxc6 Bxf1 19. Nxd8 Bxg2 20. Kxg2 Rxd8
21. Rc1 {Black resigns} 1-0